 Dungeon Crawl Stone Soup version 0.23.1 (webtiles) character file.

Game seed: 4840206602070743075

1692 Kniotic the Martial Artist (level 8, -2/60 HPs)
             Began as a Demonspawn Monk on Mar 2, 2019.
             Was a Follower of Uskayaw.
             Slain by an orc warrior
             ... wielding a +0 glaive
              (13 damage)
             ... on level 8 of the Dungeon.
             The game lasted 00:13:22 (8590 turns).

Kniotic the Martial Artist (Demonspawn Monk)        Turns: 8590, Time: 00:13:23

Health: -2/60      AC:  7    Str: 16 (18) XL:     8   Next: 72%
Magic:  0/8        EV: 17    Int: 10 (11) God:    Uskayaw [*.....]
Gold:   264        SH:  0    Dex: 19      Spells: 7/7 levels left

rFire    . . .     SeeInvis .     - Unarmed
rCold    . . .     Gourm    .   (no shield)
rNeg     . . .     Faith    .   a - +0 robe
rPois    .         Spirit   +   k - +0 helmet
rElec    .         Reflect  .   l - scarf {Spirit}
rCorr    .         Harm     .   r - +2 pair of gloves {Str+3}
MR       .....                  (no boots)
Stlth    ++++......             (no amulet)
HPRegen  0.00/turn              f - +3 ring of evasion
MPRegen  0.11/turn              v - +4 ring of strength

@: no status effects
A: deterioration 1, nightstalker 2, powered by death 1, screaming 1, shaggy fur
1, inhibited regeneration, wild magic 1, evolution 1
a: Stomp, Renounce Religion


You were on level 8 of the Dungeon.
You worshipped Uskayaw.
Uskayaw was noncommittal.
You were hungry.

You visited 2 branches of the dungeon, and saw 9 of its levels.

You collected 264 gold pieces.

Inventory:

Armour
 a - a +0 robe (worn)
 k - a +0 helmet (worn)
 l - a scarf of spirit shield (worn)
 r - a +2 pair of gloves of strength (worn)
Jewellery
 f - a +3 ring of evasion (left hand)
 v - a +4 ring of strength (right hand)
Wands
 u - a wand of flame (35)
Scrolls
 e - 3 scrolls of magic mapping {unknown}
 g - 2 scrolls of enchant armour
 j - 5 scrolls of amnesia {unknown}
 n - 4 scrolls of remove curse
 p - 4 scrolls of teleportation {unknown}
 t - 2 scrolls of fog {unknown}
 x - a scroll of blinking {unknown}
Potions
 h - a potion of haste
 m - 2 potions of lignification
 o - a potion of ambrosia
 q - 2 potions of flight
Comestibles
 b - 8 rations


   Skills:
 + Level 3.9 Fighting
 + Level 3.5 Dodging
 - Level 1.7 Stealth
 - Level 10.1 Unarmed Combat


You had 7 spell levels left.
You didn't know any spells.
Your spell library contained the following spells:

 Spells                   Type           Power        Failure   Level  Hunger
 Magic Dart               Conj           #...         45%         1    ##.....
 Sting                    Conj/Pois      #...         45%         1    ##.....


Dungeon Overview and Level Annotations

Branches:
Dungeon (8/15)             Temple (1/1) D:6
   Lair: D:8-11

Altars:
Ashenzari
Cheibriados
Elyvilon
Fedhas
Gozag
Hepliaklqana
Kikubaaqudgha
Nemelex Xobeh
Okawaru
Qazlal
Ru
Sif Muna
Trog
Uskayaw
Vehumet
Xom
Yredelemnul
Zin
The Shining One

Shops:
D:7 [

Annotations:
D:3 1 runed translucent door, P0WERM0DE's ghost, amateur DDFi


Innate Abilities, Weirdness & Mutations

You are significantly more attuned to the shadows.
You regenerate a little health from kills.
Your body sometimes deteriorates upon taking damage.
You occasionally shout uncontrollably at your foes.
You are covered in fur. (AC +1)
You do not regenerate when monsters are visible.
Your spells are a little harder to cast, but a little more powerful.
You evolve.


Message History

There isn't anything to butcher here.
You start resting.
Magic restored.
You start resting.
You are feeling hungry.
Done exploring.
Done exploring.
You see here a +0 club.
There is a stone staircase leading down, spattered with blood here.
You climb downwards.
The orc warrior barely misses you.
There is a stone staircase leading up, spattered with blood here.
You hit the orc warrior but do no damage.
The orc warrior hits you with a +0 glaive!!
You barely miss the orc warrior.
The orc warrior hits you with a +0 glaive!!
* * * LOW HITPOINT WARNING * * *
Your body deteriorates!
You feel weakened.
There is a stone staircase leading up, spattered with blood here.
The orc warrior hits you from afar with a +0 glaive!
You die...

#. ###.#
.[.# .....
....
.....###....
....o.......
............
......@#...
.......# .
.......#
........
......##.
..#..


You could see an orc warrior.

Vanquished Creatures
  A black bear (D:6)
  A sky beast (D:6)
  An ice beast (D:5)
  2 phantoms
  2 bullfrogs (D:6)
  3 scorpions
  A water moccasin skeleton (D:6)
  2 jellies
  A crimson imp (D:8)
  A quasit (D:7)
  6 orc priests
  A hound (D:2)
  A bullfrog skeleton (D:4)
  2 centaur skeletons
  6 orc wizards
  Jessica (D:3)
  A worker ant (D:6)
  A hound skeleton (D:7)
  17 gnolls
  11 adders
  A shadow imp (D:6)
  2 oozes
  2 worms
  2 dart slugs
  2 leopard geckos (D:1)
  15 orcs
  4 bats
  3 giant cockroaches
  2 goblins
  4 hobgoblins
  2 quokkas
  A ball python (D:6)
  2 frilled lizards
  7 kobolds
  2 quokka skeletons (D:4)
  9 rats
122 creatures vanquished.

Vanquished Creatures (others)
  A centaur (D:6)
  A hound (D:6)
  An adder (D:6)
  2 fungi (D:8)
5 creatures vanquished.

Grand Total: 127 creatures vanquished

Notes
Turn   | Place    | Note
-------+----------+-------------------------------------------
     0 | D:1      | Kniotic the Demonspawn Monk began the quest for the Orb.
     0 | D:1      | Reached XP level 1. HP: 18/18 MP: 1/1
    96 | D:1      | Reached skill level 3 in Unarmed Combat
   290 | D:1      | Gained mutation: You regenerate a little health from kills.
                  | [demonic ancestry]
   290 | D:1      | Reached XP level 2. HP: 23/24 MP: 2/2
  1127 | D:2      | HP: 1/24 [hound (3)]
  1128 | D:2      | Reached skill level 4 in Unarmed Combat
  1128 | D:2      | Gained mutation: You are slightly more attuned to the
                  | shadows. [demonic ancestry]
  1128 | D:2      | Reached XP level 3. HP: 2/29 MP: 3/3
  1455 | D:2      | Reached XP level 4. HP: 27/35 MP: 4/4
  1534 | D:2      | Found a bloodstained altar of Trog.
  1713 | D:1      | Reached skill level 5 in Unarmed Combat
  2667 | D:2      | Reached XP level 5. HP: 25/41 MP: 5/5
  2807 | D:3      | Noticed Jessica
  2814 | D:3      | Killed Jessica
  2946 | D:3      | Reached skill level 6 in Unarmed Combat
  3026 | D:3      | Found a runed translucent door.
  3026 | D:3      | Noticed P0WERM0DE's ghost (amateur DDFi)
  3063 | D:3      | Found a deep blue altar of Sif Muna.
  3411 | D:4      | Reached XP level 6. HP: 44/47 MP: 6/6
  3447 | D:4      | Found a basalt altar of Yredelemnul.
  3452 | D:4      | Found a glowing golden altar of the Shining One.
  3455 | D:4      | Noticed an angel
  3465 | D:4      | Noticed a profane servitor
  3517 | D:4      | HP: 2/47 [orc wizard/puff of flame (3)]
  3543 | D:4      | Gained mutation: You occasionally shout uncontrollably at
                  | your foes. [potion of mutation]
  3543 | D:4      | Gained mutation: Your body sometimes deteriorates upon
                  | taking damage. [potion of mutation]
  3543 | D:4      | Gained mutation: You do not regenerate when monsters are
                  | visible. [potion of mutation]
  3543 | D:4      | Gained mutation: You evolve. [potion of mutation]
  3730 | D:4      | Gained mutation: Your spells are a little harder to cast,
                  | but a little more powerful. [evolution]
  4209 | D:5      | Entered Level 5 of the Dungeon
  4319 | D:5      | Found a blossoming altar of Fedhas.
  4805 | D:6      | Noticed an ice beast
  4834 | D:5      | Killed an ice beast
  4834 | D:5      | Reached skill level 7 in Unarmed Combat
  4894 | D:6      | Found a shimmering altar of Xom.
  4894 | D:6      | Noticed a sky beast
  4973 | D:6      | Reached XP level 7. HP: 45/52 MP: 7/7
  5551 | D:6      | Reached skill level 8 in Unarmed Combat
  5677 | D:6      | Found a radiant altar of Vehumet.
  5756 | D:6      | HP: 1/52 [sky beast (6)]
  6158 | D:6      | Found an ancient bone altar of Kikubaaqudgha.
  6392 | D:6      | Reached skill level 9 in Unarmed Combat
  6392 | D:6      | Gained mutation: You are significantly more attuned to the
                  | shadows. [demonic ancestry]
  6392 | D:6      | Reached XP level 8. HP: 30/58 MP: 8/8
  6742 | D:6      | Gained mutation: You are covered in fur. (AC +1)
                  | [evolution]
  6811 | D:6      | Found a staircase to the Ecumenical Temple.
  6820 | Temple   | Entered the Ecumenical Temple
  6959 | Temple   | Became a worshipper of Uskayaw the Reveler
  6959 | Temple   | Reached * piety under Uskayaw
  7005 | D:7      | Reached ** piety under Uskayaw
  7016 | D:7      | Found Zekigod's Armour Emporium.
  7117 | D:7      | Reached *** piety under Uskayaw
  7229 | D:7      | Found a sacrificial altar of Ru.
  7546 | D:7      | Reached skill level 10 in Unarmed Combat
  7688 | D:7      | Identified Vehumet's Handbook of Confrontation
  8220 | D:8      | Reached **** piety under Uskayaw
  8224 | D:8      | Reached ***** piety under Uskayaw
  8590 | D:8      | Slain by an orc warrior

Skill      XL: |  1  2  3  4  5  6  7  8 |
---------------+-------------------------+-----
Unarmed Combat | 3 4 5 6 7 9 10 | 10.1
Dodging        | 3 |  3.5
Fighting       | |  3.9
Stealth        | |  1.7

Action                   |  1- 3 |  4- 6 |  7- 9 || total
-------------------------+-------+-------+-------++-------
Melee: Unarmed           |    95 |   235 |   222 ||   552
       Punch             |     2 |     5 |    11 ||    18
  Use: Potion            |       |     4 |     3 ||     7
       Scroll            |       |       |     8 ||     8
 Stab: Sleeping          |     5 |    10 |     4 ||    19
       Distracted        |       |       |     1 ||     1
       Invisible         |       |       |     6 ||     6
       Paralysed         |       |       |     1 ||     1
  Eat: Chunk             |     1 |     8 |     8 ||    17
       Ration            |       |     1 |     1 ||     2
Armor: Robe              |     5 |    29 |    39 ||    73
Dodge: Dodged            |    75 |   184 |   134 ||   393
